 Dungeon Crawl Stone Soup version 0.17-a0-777-g32247ce (console) character file.

99 sose the Sneak (level 4, -5/33 HPs)
             Began as a Vampire Assassin on Apr 25, 2015.
             Slain by an iguana (10 damage)
             ... on level 3 of the Dungeon.
             The game lasted 00:04:01 (1877 turns).

sose the Sneak (Vampire Assassin)                   Turns: 1877, Time: 00:04:01

Health: -5/33      AC:  3    Str: 10    XL:     4   Next: 45%
Magic:  4/4        EV: 12    Int: 14    God:
Gold:   107        SH:  0    Dex: 20    Spells: 0 memorised, 3 levels left

rFire  . . .     SeeInvis +     b - +0 blowgun
rCold  + . .     Clarity  .     c - +0 robe
rNeg   + . .     SustAb   .     (no shield)
rPois  .         Gourm    .     (no helmet)
rElec  .         Spirit   .     d - +0 cloak
rCorr  .         Warding  .     (no gloves)
rMut   .         Stasis   .     (no boots)
MR     .....                    i - amulet of rage
Stlth  ++++......               s - ring of protection from cold
                                o - +5 ring of dexterity

@: not resistant to hostile enchantments, stealthy
A: fangs 3, see invisible, unbreathing
a: Bat Form, Evoke Berserk Rage


You were on level 3 of the Dungeon.
You were not thirsty.

You visited 1 branch of the dungeon, and saw 3 of its levels.

You collected 107 gold pieces.

Inventory:

Hand weapons
 a - a +2 dagger
 b - a +0 blowgun (weapon)
Missiles
 e - 27 poisoned needles (quivered)
 f - 2 curare-tipped needles
Armour
 c - a +0 robe (worn)
 d - a +0 cloak (worn)
Jewellery
 i - an amulet of rage (around neck)
 o - a +5 ring of dexterity (left hand)
 s - a ring of protection from cold (right hand)
Scrolls
 h - 3 scrolls of enchant weapon {unknown}
 j - 2 scrolls of noise {unknown}
 k - a scroll of remove curse {unknown}
 m - a scroll of magic mapping {unknown}
 p - a scroll of amnesia {unknown}
 t - a scroll of identify {unknown}
Potions
 g - 8 potions of blood
 l - 2 potions of restore abilities {unknown}
 n - a potion of heal wounds {unknown}
 q - 2 potions of might {unknown}
 r - a potion of poison {unknown}
 u - a potion of invisibility {unknown}


   Skills:
 - Level 1.7 Fighting
 + Level 3.1 Short Blades
 - Level 1.5 Throwing
 - Level 1.1 Dodging
 + Level 7.6 Stealth


You had 3 spell levels left.
You didn't know any spells.

Dungeon Overview and Level Annotations

Branches:
Dungeon (3/15)

Altars:
Ashenzari


Innate Abilities, Weirdness & Mutations

You have razor-sharp teeth.
You have supernaturally acute eyesight.
You can survive without breathing.


Message History

The iguana is heavily wounded.
You hit the iguana but do no damage.
The iguana is heavily wounded.
The iguana bites you!
You hit the iguana but do no damage.
The iguana is heavily wounded.
The iguana bites you!
* * * LOW HITPOINT WARNING * * *
The iguana bites you.
* * * LOW HITPOINT WARNING * * *
Wield which item (- for none, * to show all)? (? for menu, Esc to quit)
b - a +0 blowgun (weapon)
Firing (i - inventory. (,) - cycle):
e - 28 poisoned needles (quivered)
Press: ? - help, Shift-Dir - straight line, f - iguana
Aim: an iguana (heavily wounded)
You shoot a poisoned needle. The poisoned needle hits the iguana!
The iguana is poisoned.
The iguana is heavily wounded.
The iguana bites you!
You die...

#................# #.#
########.#.#####(# #.#
##.)..####.# #.#
#...#....#.# #.#
#.....##.#.# #.#
######..#.###[#.# #.#
...........##.#.# #.#
#...........##.#.# #.#
.#####..##@##.#.####.#
#..##.l.........#
#..........######
#.######.###
#........# ##########


You could see an iguana.

Vanquished Creatures
  An orc priest (D:3)
  An adder (D:2)
  An ooze (D:3)
  5 orcs (D:3)
  A ball python (D:1)
  6 bats
  4 giant cockroaches
  8 goblins
  8 hobgoblins
  2 giant geckos (D:1)
  3 giant newts
  7 kobolds
  11 rats
58 creatures vanquished.

Notes
Turn   | Place    | Note
--------------------------------------------------------------
     0 | D:1      | sose, the Vampire Assassin, began the quest for the Orb.
     0 | D:1      | Reached XP level 1. HP: 16/16 MP: 1/1
    16 | D:1      | Reached skill level 6 in Stealth
    54 | D:1      | Reached skill level 1 in Short Blades
   102 | D:1      | Reached XP level 2. HP: 17/22 MP: 2/2
   484 | D:1      | Reached XP level 3. HP: 24/27 MP: 3/3
  1097 | D:2      | Found a shattered altar of Ashenzari.
  1187 | D:2      | Reached skill level 7 in Stealth
  1514 | D:3      | Reached XP level 4. HP: 18/33 MP: 4/4
  1877 | D:3      | Slain by an iguana

Action                   |  1- 3 |  4- 6 || total
-------------------------+-------+-------++-------
Melee: Dagger            |   171 |    15 ||   186
 Fire: Blowgun           |       |     1 ||     1
  Use: Potion            |       |     1 ||     1
 Stab: Sleeping          |     5 |       ||     5
  Eat: Corpse            |     5 |     1 ||     6
